 Dungeon Sprint DCSS version 0.30-a0-219-gf2db51d15e (webtiles) character file.

Game seed: 6469437872947061412

853 rocky1 the Fighter (level 8, -15/92 HPs)
             Began as an Ogre Reaver on Oct 8, 2022.
             Was the Champion of Cheibriados.
             Demolished by a shadow (25 damage)
             ... in the Dungeon (Sprint VII: "The Pits").
             The game lasted 00:02:54 (1041 turns).

rocky1 the Fighter (Ogre Reaver)                    Turns: 1041, Time: 00:02:55

Health: -15/92     AC: 10    Str: 34    XL:     8   Next: 1%
Magic:  19/20      EV: 14    Int: 29    God:    Cheibriados [******]
Gold:   0          SH:  0    Dex: 22    Spells: 22/23 levels left

rFire   . . .      SeeInvis .    m - +1 mace (protect)
rCold   . . .      Faith    .    (no shield)
rNeg    . . .      Spirit   .    b - +0 robe
rPois   .          Reflect  .    (helmet restricted)
rElec   .          Harm     .    (no cloak)
rCorr   .          Rampage  .    (gloves unavailable)
Will    .....      NoTele   +    (boots unavailable)
Stlth   ++........               (no amulet)
HPRegen 0.35/turn                (no ring)
MPRegen 0.17/turn                (no ring)

@: under a protective aura, on berserk cooldown, slowed, very slow
A: large, unfitting armour, tough skin 1
a: Renounce Religion, Bend Time, Temporal Distortion, Slouch, Step From Time


You were in the Dungeon.
You worshipped Cheibriados.
Cheibriados was exalted by your worship.
You visited 1 branch

Inventory:

Hand Weapons
 m - a +1 mace of protection (weapon)
Armour
 b - a +0 robe (worn)
Scrolls
 h - a scroll of blinking
 j - 5 scrolls of amnesia
 k - a scroll of summoning
Potions
 c - 6 potions of curing
 d - 6 potions of heal wounds
 f - 4 potions of magic
 g - 2 potions of berserk rage
 i - 2 potions of invisibility


   Skills:
 + Level 9.4 Fighting
 + Level 6.9 Maces & Flails
 + Level 6.5 Dodging
 + Level 8.0 Spellcasting
 + Level 6.8 Conjurations
 + Level 4.5 Necromancy
 + Level 5.4 Invocations


You had 22 spell levels left.
You knew the following spells:

 Your Spells              Type           Power      Damage    Failure   Level
a - Kiss of Death         Conj/Necr      100%       2d13      1%          1

Your spell library contained the following spells:

 Spells                   Type           Power      Damage    Failure   Level
 Momentum Strike          Conj/Tloc      62%        3d9       1%          2
 Hailstorm                Conj/Ice       31%        3d8       3%          3


Dungeon Overview and Level Annotations

Branches:
Dungeon (1/1)

Altars:
Ashenzari
Cheibriados
Dithmenos
Elyvilon
Fedhas
Gozag
Hepliaklqana
Kikubaaqudgha
Makhleb
Nemelex Xobeh
Okawaru
Qazlal
Ru
Sif Muna
Trog
Uskayaw
Vehumet
Wu Jian
Xom
Yredelemnul
Zin
The Shining One
Jiyva
Lugonu


Innate Abilities, Weirdness & Mutations

You are too large for most types of armour.
You have tough skin. (AC +1)


Message History

Cheibriados appreciates the change of pace.
The shadow strikes at you from the darkness!
Reactivating autopickup.
Your Fighting skill increases to level 9!
Your Spellcasting skill increases to level 8!
Your Necromancy skill increases to level 4!
Your Invocations skill increases to level 5!
You have reached level 8!
You hit the shadow.
The shadow is moderately damaged.
The shadow slips into darkness.
The shadow flickers and vanishes!
Deactivating autopickup; reactivate with Ctrl-A.
You barely miss something.
The shadow strikes at you from the darkness!
* * * LOW HITPOINT WARNING * * *
Reactivating autopickup.
The shadow slips into darkness.
The shadow flickers and vanishes!
Deactivating autopickup; reactivate with Ctrl-A.
You thump something!
You are no longer berserk.
You are exhausted.
You feel as though you will be slow longer.
The shadow strikes at you from the darkness!
Reactivating autopickup.
The shadow slips into darkness.
The shadow flickers and vanishes!
Deactivating autopickup; reactivate with Ctrl-A.
You hit something.
The shadow strikes at you from the darkness!
* * * LOW HITPOINT WARNING * * *
Reactivating autopickup.
You hit the shadow.
The shadow is almost destroyed.
The shadow slips into darkness.
The shadow flickers and vanishes!
Deactivating autopickup; reactivate with Ctrl-A.
The shadow strikes at you from the darkness!
You die...

#.#..#####.##.......#
#.#..'..)#.##.......#
#.#..'..)'.##.......#
#†#..########...<...#
#)#..'.)))[##.......#
#.#..#.)))[##.......#
#'###########.......#
#..#.#.##..##########
#.......#@##
##.#.#.##{#
#.......#'#
##.#.#.##.'....+
#.......#'#....#
##.#.#..'.#....#
########## ####


There were no monsters in sight!

Vanquished Creatures
  A freezing wraith (D)
  A yak (D)
  A wolf (D)
  A kobold brigand (D)
  2 bullfrogs (D)
  A scorpion (D)
  A crimson imp (D)
  2 iron imps (D)
  An adder (D)
  An adder skeleton (D)
  A worm (D)
  An orc (D)
  A giant cockroach (D)
  A hobgoblin (D)
  8 jackals (D)
  3 frilled lizards (D)
  A kobold (D)
28 creatures vanquished.

Notes
Turn   | Place    | Note
-------+----------+-------------------------------------------
     0 | D        | rocky1 the Ogre Reaver began the quest for the Orb.
     0 | D        | Reached XP level 1. HP: 22/22 MP: 3/3
    15 | D        | Reached skill level 3 in Fighting
    15 | D        | Reached XP level 2. HP: 23/31 MP: 3/6
    75 | D        | Found a bloodstained altar of Trog.
    75 | D        | Found a shimmering blue altar of Sif Muna.
    75 | D        | Found a viscous altar of Jiyva.
    75 | D        | Found a hazy altar of Hepliaklqana.
    75 | D        | Found an opulent altar of Gozag.
    76 | D        | Found a glowing golden altar of the Shining One.
    76 | D        | Found a glowing silver altar of Zin.
    76 | D        | Found a basalt altar of Yredelemnul.
    76 | D        | Found a shimmering altar of Xom.
    76 | D        | Found an ornate altar of the Wu Jian Council.
    76 | D        | Found a sacrificial altar of Ru.
    76 | D        | Found a stormy altar of Qazlal.
    76 | D        | Found an iron altar of Okawaru.
    76 | D        | Found a sparkling altar of Nemelex Xobeh.
    76 | D        | Found a burning altar of Makhleb.
    76 | D        | Found a blossoming altar of Fedhas.
    76 | D        | Found a white marble altar of Elyvilon.
    76 | D        | Found a shadowy altar of Dithmenos.
    76 | D        | Found a snail-covered altar of Cheibriados.
    79 | D        | Found a corrupted altar of Lugonu.
    79 | D        | Found a radiant altar of Vehumet.
    80 | D        | Found an ancient bone altar of Kikubaaqudgha.
    80 | D        | Found a hide-covered altar of Uskayaw.
    80 | D        | Found a broken altar of Ashenzari.
    93 | D        | Became a worshipper of Cheibriados the Contemplative
   121 | D        | Reached * piety under Cheibriados
   144 | D        | Noticed a scorpion
   150 | D        | Killed a scorpion
   150 | D        | Reached ** piety under Cheibriados
   151 | D        | Reached skill level 5 in Fighting
   151 | D        | Reached XP level 3. HP: 18/42 MP: 5/9
   151 | D        | Reached XP level 4. HP: 21/50 MP: 5/10
   588 | D        | Noticed a bullfrog
   590 | D        | Killed a bullfrog
   590 | D        | Reached *** piety under Cheibriados
   591 | D        | Reached skill level 6 in Fighting
   591 | D        | Reached skill level 5 in Spellcasting
   591 | D        | Reached XP level 5. HP: 41/61 MP: 8/12
   710 | D        | Noticed a wolf
   710 | D        | Noticed a kobold brigand
   714 | D        | Reached **** piety under Cheibriados
   715 | D        | Killed a wolf
   716 | D        | Reached skill level 7 in Fighting
   716 | D        | Reached skill level 5 in Maces & Flails
   716 | D        | Reached skill level 5 in Conjurations
   716 | D        | Reached skill level 1 in Necromancy
   716 | D        | Reached XP level 6. HP: 61/71 MP: 12/15
   725 | D        | Reached skill level 5 in Dodging
   726 | D        | Reached ***** piety under Cheibriados
   747 | D        | Reached skill level 8 in Fighting
   857 | D        | Noticed a yak
   862 | D        | Killed a yak
   862 | D        | Reached ****** piety under Cheibriados
   863 | D        | Reached XP level 7. HP: 66/81 MP: 14/17
  1026 | D        | Noticed a shadow
  1026 | D        | Noticed a freezing wraith
  1036 | D        | Killed a freezing wraith
  1037 | D        | Reached skill level 9 in Fighting
  1037 | D        | Reached skill level 5 in Invocations
  1037 | D        | Reached XP level 8. HP: 54/92 MP: 18/20
  1041 | D        | Demolished by a shadow

Illustrated notes

Levels and vault maps discovered:
D:        pitsprint [storerooms_1, entrance_room_1, metal_vault_3, armoury_1,
          mini_pit_1, grid_room_1, main_hall_1, silver_pit, the_coven_3,
          the_vestibule_1, steel_vault_3, golden_pit, hallway_of_sentries,
          crystal_vault_2, iron_vault_4, final_vault]

Skill      XL: |  1  2  3  4  5  6  7 |
---------------+----------------------+-----
Fighting       | 3 5 6 7 8 9 |  9.4
Maces & Flails | 3 4 5 6 |  6.9
Dodging        | 2 3 4 5 6 |  6.5
Spellcasting   | 3 4 5 6 7 8 |  8.0
Conjurations   | 3 4 5 6 |  6.8
Necromancy     | 1 3 4 |  4.5
Invocations    | 2 4 5 |  5.4

Action                   |  1- 3 |  4- 6 |  7- 9 || total
-------------------------+-------+-------+-------++-------
Melee: Mace              |    20 |    42 |    21 ||    83
 Cast: Kiss of Death     |     3 |     7 |       ||    10
  Use: Potion            |       |       |     1 ||     1
Armor: Robe              |     7 |     8 |    10 ||    25
Dodge: Dodged            |    16 |    19 |    18 ||    53

Table legend: (Time is in decaauts)
 A = Elapsed time spent in this place.
 B = Non-inter-level travel time spent in this place.
 C = Inter-level travel time spent in this place.
 D = Time resting spent in this place.
 E = Time spent auto-exploring this place.
 F = Levels seen in this place.
 G = Mean time per level.
                   A        B        C        D        E       F      G
               +--------+--------+--------+--------+--------+-----+--------+
         Total |   1133 |   1099 |     34 |    752 |      0 |   1 | 1133.0 |
       Dungeon |   1133 |   1099 |     34 |    752 |      0 |   1 | 1133.0 |
               +--------+--------+--------+--------+--------+-----+--------+

Top non-repeatable levels by time:
       D: 1133 daAuts
